 Dungeon Crawl Stone Soup version 0.19.5 (console) character file.

37 Grinner the Ducker (level 3, -3/18 HPs)
             Began as a Spriggan Gladiator on Mar 6, 2017.
             Killed from afar by Sigmund (7 damage)
             ... with a magic dart
             ... on level 2 of the Dungeon.
             The game lasted 00:03:18 (1890 turns).

Grinner the Ducker (Spriggan Gladiator)             Turns: 1890, Time: 00:03:19

Health: -3/18      AC:  2    Str: 11    XL:     3   Next: 21%
Magic:  4/4        EV: 20    Int:  9    God:
Gold:   46         SH:  0    Dex: 17    Spells: 0 memorised, 2 levels left

rFire  . . .     SeeInvis +     a - +0 long sword
rCold  . . .     Gourm    .     e - +0 robe {MR+}
rNeg   . . .     Faith    .     (shield restricted)
rPois  .         Spirit   .     c - +0 hat
rElec  .         Reflect  .     (no cloak)
rCorr  .         Harm     .     (gloves unavailable)
MR     +....                    (boots unavailable)
Stlth  ++........               (no amulet)
                                (no ring)
                                (no ring)

@: very quick
A: unfitting armour, see invisible, herbivore 3, speed 3, slow metabolism 2
a: no special abilities


You were on level 2 of the Dungeon.
You were not hungry.

You visited 1 branch of the dungeon, and saw 2 of its levels.

You collected 46 gold pieces.

Inventory:

Hand Weapons
 a - a +0 long sword (weapon)
Missiles
 d - a throwing net (quivered)
Armour
 c - a +0 hat (worn)
 e - a +0 robe of magic resistance (worn)
Scrolls
 h - a scroll of identify {unknown}
 i - a scroll of fear {unknown}
 k - a scroll of blinking {unknown}
 m - a scroll of random uselessness {unknown}
 n - a scroll of remove curse {unknown}
 q - a scroll of noise {unknown}
Potions
 b - a potion of lignification {unknown}
 j - 4 potions of curing {unknown}
 l - a potion of flight {unknown}
 p - a potion of agility {unknown}
 r - a potion of brilliance {unknown}
Comestibles
 f - a bread ration
 g - a royal jelly
 o - a slice of pizza


   Skills:
 - Level 1.5 Fighting
 * Level 2.9 Long Blades
 - Level 2.0 Throwing
 + Level 5.0 Dodging
 + Level 2.5 Stealth


You had 2 spell levels left.
You didn't know any spells.

Dungeon Overview and Level Annotations

Branches:
Dungeon (2/15)

Altars:

Annotations:
D:2 Sigmund


Innate Abilities, Weirdness & Mutations

You are very small and have problems with some larger weapons.
You are too small for most types of armour.
You have supernaturally acute eyesight. (SInv)
You are a herbivore.
You cover ground extremely quickly.
You need consume almost no food.


Message History

Sigmund is caught in the net!
Sigmund is heavily wounded.
You hit Sigmund.
Sigmund is severely wounded.
Sigmund struggles against the net.
You hit Sigmund.
Sigmund is severely wounded.
Sigmund struggles against the net.
You barely miss Sigmund.
Sigmund is severely wounded.
Sigmund struggles against the net. x2
You hit Sigmund.
Sigmund is almost dead.
Sigmund struggles against the net.
You catch the helpless Sigmund completely off-guard!
You hit Sigmund.
Sigmund is almost dead.
Sigmund gestures at you while chanting. The magic dart hits you!
You die...

.... #+# #.#. #.##########
#.#.# #.##........ #.#..
#.##........
#.##.##.##........
#.##..#.##........
#######.###.#.##..........#
..............@@.>........#
######.####.###.†.$!.....#
#.....# #.# #.....%....#
#.##### #.. #..........#
#)# ##.##..........# #.#
.............# #.#
#.##.........# #.####
#..#?........# #....#
####.#.........#


You could see Sigmund (caught).

Vanquished Creatures
  An adder (D:2)
  A leopard gecko (D:1)
  A bat (D:2)
  5 goblins
  A hobgoblin (D:1)
  4 jackals
  A quokka (D:2)
  4 frilled lizards
  3 kobolds
  5 rats (D:1)
26 creatures vanquished.

Notes
Turn   | Place    | Note
-------+----------+-------------------------------------------
     0 | D:1      | Grinner the Spriggan Gladiator began the quest for the Orb.
     0 | D:1      | Reached XP level 1. HP: 10/10 MP: 2/2
   441 | D:1      | Reached skill level 1 in Stealth
   683 | D:1      | Reached XP level 2. HP: 14/14 MP: 3/3
  1049 | D:2      | Noticed Sigmund
  1804 | D:2      | Reached XP level 3. HP: 18/18 MP: 4/4
  1825 | D:2      | Reached skill level 5 in Dodging
  1890 | D:2      | Killed from afar by Sigmund

Skill      XL: |  1  2  3 |
---------------+----------+-----
Stealth        | 1 2 |  2.5
Dodging        | 5 |  5.0
Fighting       | |  1.5
Long Blades    | |  2.9
Throwing       | |  2.0

Action                   || total
-------------------------++-------
Melee: Long sword        ||    60
Throw: Throwing net      ||     2
 Stab: Sleeping          ||     6
       Held in net/web   ||     2
Armor: Robe              ||     2
Dodge: Dodged            ||    42
       Rpst.: Long sword ||    13
